 Dungeon Crawl Stone Soup version 0.29.1-15-g9cfb28693d (webtiles) character file.

Game seed: 2896371925136213673

9793 Wilku the Thaumaturge (level 11, 0/72 HPs)
             Began as a Djinni Fire Elementalist on Mar 8, 2023.
             Was an Initiate of Qazlal.
             Slain by a bullfrog (4 damage)
             ... on level 9 of the Dungeon.
             The game lasted 01:05:17 (15497 turns).

Wilku the Thaumaturge (Djinni Fire Elementalist)   Turns: 15497, Time: 01:05:17

Health: 0/72       AC: 11    Str:  7    XL:     11   Next: 81%
Gold:   431        EV: 14    Int: 22    God:    Qazlal [......] SH: 10 Dex: 19

rFire   + + .      SeeInvis .   s - +2 falchion (elec)
rCold   x . .      Faith    .   U - +0 kite shield
rNeg    . . .      Spirit   .   a - +0 robe
rPois   ∞          Reflect  .   (no helmet)
rElec   .          Harm     .   p - +1 cloak
rCorr   .          Rampage  .   g - +2 pair of gloves
Will    +....                   (boots unavailable)
Stlth   +++.......              (no amulet)
HPRegen 0.22/turn               Q - +6 ring of dexterity
MPRegen 0.00/turn               d - +4 ring of protection

@: flying
A: sickness immunity, fire resistance 2, cold vulnerability 1, float, innate
caster, HP casting, extra vitality 1
a: Renounce Religion


You were on level 9 of the Dungeon.
You worshipped Qazlal.
Qazlal was noncommittal.
You visited 2 branches of the dungeon, and saw 10 of its levels.

You collected 431 gold pieces.

Inventory:

Hand Weapons
 s - a +2 falchion of electrocution (weapon)
 t - a +0 battleaxe
 w - a +4 quarterstaff of chaos
 x - a +1 spectral club
 z - a +0 hammer
 B - a +0 falchion
 L - a +2 spear of venom
 M - a +2 spear of freezing
Missiles
 T - a throwing net
Armour
 a - a +0 robe (worn)
 g - a +2 pair of gloves (worn)
 p - a +1 cloak (worn)
 u - the +10 plate armour "Eghinaec" {rC++ MP+9 Str-4}
   (You found it on level 7 of the Dungeon)

   Str:       It affects your strength (-4).
   rC:        It greatly protects you from cold.
   MP:        It affects your magic capacity (+9).
 y - a +0 cloak
 C - a +2 scale mail of positive energy
 U - a +0 kite shield (worn)
 X - a +0 cloak
 Y - a +0 pair of boots
Jewellery
 d - a +4 ring of protection (right hand)
 J - an amulet of faith
 Q - a +6 ring of dexterity (left hand)
 S - an amulet of faith
Wands
 i - a wand of flame (19)
 q - a wand of paralysis (23)
 D - a wand of acid (7)
 I - a wand of iceblast (19)
Scrolls
 c - a scroll of blinking {unknown}
 k - a scroll of brand weapon {unknown}
 l - a scroll of butterflies {unknown}
 m - 2 scrolls of enchant weapon {unknown}
 o - 5 scrolls of identify {unknown}
 r - 4 scrolls of teleportation {unknown}
 v - a scroll of summoning {unknown}
 A - 2 scrolls of vulnerability {unknown}
 E - 2 scrolls of enchant armour {unknown}
 F - a scroll of fear {unknown}
 N - a scroll of immolation {unknown}
 P - a scroll of amnesia {unknown}
 V - a scroll of poison {unknown}
 W - a scroll of torment {unknown}
Potions
 b - 6 potions of might {unknown}
 e - 2 potions of haste
 f - 7 potions of curing {unknown}
 h - 2 potions of lignification {unknown}
 j - a potion of cancellation
 n - 3 potions of mutation {unknown}
 G - 4 potions of heal wounds {unknown}
 K - a potion of ambrosia {unknown}
 O - 2 potions of flight
 R - a potion of attraction {unknown}
 Z - a potion of brilliance {unknown}


   Skills:
 + Level 3.8 Fighting
 + Level 3.4 Long Blades
 + Level 5.8 Dodging
 + Level 5.3 Stealth
 + Level 4.4 Shields
 + Level 11.6 Spellcasting


You had 6 spell levels left.
You knew the following spells:

 Your Spells              Type           Power      Damage    Failure   Level
a - Foxfire               Conj/Fire      100%       2x1d9     1%          1
b - Scorch                Fire           100%       2d10      1%          2
c - Conjure Flame         Conj/Fire      59%        6-21      1%          3
d - Inner Flame           Hex/Fire       59%        N/A       1%          3
e - Flame Wave            Conj/Fire      59%        2d14      1%          4
f - Freeze                Ice            100%       1d11      1%          1
g - Searing Ray           Conj           100%       2d8       1%          2
h - Call Canine Familiar  Summ           59%        N/A       1%          3
i - Portal Projectile     Hex/Tloc       100%       N/A       1%          3
j - Lee's Rapid Deconstr  Erth           29%        3d16*     3%          5
Your spell library was empty.

Dungeon Overview and Level Annotations

Branches:
Dungeon (9/15)             Temple (1/1) D:4
   Lair: D:8-11         Orc: D:9-12

Altars:
Dithmenos
Gozag
Hepliaklqana
Nemelex Xobeh
Qazlal
Uskayaw
Wu Jian
Xom
Zin
The Shining One

Shops:
D:2 *   D:5 *

Annotations:
D:8 MrClown's ghost, novice DsNe; fakeacct's ghost, novice HuBe
Temple 2 transporters


Innate Abilities, Weirdness & Mutations

You are immune to sickness and miasma.
You are immune to poison.
Your flesh is very heat resistant. (rF++)
You are vulnerable to cold. (rC-)
You float through the air rather than walking.
You learn spells naturally, not from books.
Your magical power is your life essence.
You have superior vitality. (+4 MHP)


Message History

You feel yourself speed up.
MrClown's ghost is nearby!
You start resting.
Your extra speed is starting to run out.
Unknown command.
You start resting.
You feel yourself slow down.
Unknown command.
You start resting.
Sifu Hu Sanniang whispers: These will loosen your tongue! 5 dancing weapons come into view.
There is a +1 broad axe of flaming.
There is a +4 rapier of electrocution.
There is a +2 vorpal great sword.
There is a +4 quarterstaff of freezing.
There is a +4 broad axe of speed.
You barely miss the +2 vorpal great sword.
The +4 quarterstaff of freezing closely misses you.
There are monsters nearby!
Unknown command.
You cannot cast spells when silenced!
You cannot cast spells when silenced!
The +4 broad axe of speed barely misses you.
The +4 rapier of electrocution hits you!
* * * LOW HITPOINT WARNING * * *
Your hearing returns.
There is an open door here.
There is a stone staircase leading down here.
The +4 rapier of electrocution hits you.
* * * LOW HITPOINT WARNING * * *
You fly downwards.
Reactivating autopickup.
Found 16 gold pieces.
There is a stone staircase leading up here.
Okay, then.
It was a potion of flight.
You feel more buoyant.
The +4 rapier of electrocution barely misses you.
It was a potion of cancellation.
Your magical effects are unravelling.
You feel magically purged. The bullfrog hits you.
* * * LOW HITPOINT WARNING * * *
The bullfrog hits you.
You die...

..........
........
.......
.....#
....#
#...#
#..(#
#.@.#
........F#
.#.......#
####..$.#
#.....
#......
#......
#...####


You could see a bullfrog and a +4 rapier of electrocution.

Vanquished Creatures
  The ghost of diceflayer the Skirmisher, a novice DsHu of Okawaru (D:8)
  Maurice (D:8)
  3 hornets
  Grinder (D:5)
  Duvessa (D:7)
  A water moccasin (D:7)
  An orc warrior (D:7)
  4 ogres
  A sky beast (D:6)
  A centaur (D:8)
  2 phantoms (D:5)
  3 bullfrogs
  3 gnoll sergeants
  2 scorpions
  A necrophage (D:6)
  Dowan (D:7)
  4 wights (D:7)
  9 killer bees
  4 howler monkeys
  5 hounds
  3 jellies
  7 orc priests
  Crazy Yiuf (D:7)
  5 iguanas
  4 orc wizards
  Robin (D:3)
  13 gnolls
  8 adders
  A white imp (D:7)
  An ufetubus (D:7)
  2 worms
  5 dart slugs
  30 orcs
  4 ball pythons
  4 bats
  13 endoplasms
  A giant cockroach (D:1)
  11 goblins
  7 hobgoblins
  4 jackals (D:3)
  2 quokkas
  4 frilled lizards
  2 kobolds (D:2)
  7 rats
189 creatures vanquished.

Vanquished Creatures (collateral kills)
  A killer bee (D:7)
  A howler monkey (D:8)
  An iguana (D:6)
  A shadow imp (D:7)
  7 foxfires (D:2)
11 creatures vanquished.

Vanquished Creatures (others)
  A demonic plant (D:2)
  529 foxfires
  6 fungi (D:2)
  5 plants (D:2)
  5 withered plants
546 creatures vanquished.

Grand Total: 746 creatures vanquished

Notes
Turn   | Place    | Note
-------+----------+-------------------------------------------
     0 | D:1      | Wilku the Djinni Fire Elementalist began the quest for the
                  | Orb.
     0 | D:1      | Wilku set off with the following spells memorised: Foxfire,
                  | Scorch, Conjure Flame, Inner Flame, Flame Wave.
     0 | D:1      | Reached XP level 1. HP: 15/15 MP: 0/0
   335 | D:1      | Reached XP level 2. HP: 15/21 MP: 0/0
   938 | D:1      | Reached skill level 3 in Spellcasting
  1717 | D:2      | Reached XP level 3. HP: 19/25 MP: 0/0
  1717 | D:2      | Learned a level 1 spell: Freeze
  1927 | D:2      | Found Usmeanoq's General Store.
  2066 | D:2      | Found a faded altar of an unknown god.
  2077 | D:2      | Prayed at the altar of an unknown god.
  2077 | D:2      | Became a worshipper of the Wu Jian Council
  2077 | D:2      | Reached * piety under Wu Jian
  3402 | D:3      | Reached XP level 4. HP: 29/31 MP: 0/0
  3877 | D:3      | Reached ** piety under Wu Jian
  4213 | D:3      | Noticed Robin
  4217 | D:3      | Reached skill level 4 in Spellcasting
  4217 | D:3      | Reached XP level 5. HP: 20/35 MP: 0/0
  4217 | D:3      | Learned a level 2 spell: Searing Ray
  4229 | D:3      | Killed Robin
  5863 | D:4      | Found a staircase to the Ecumenical Temple.
  5896 | Temple   | Entered the Ecumenical Temple
  5896 | Temple   | Found a transporter.
  5896 | Temple   | Found a transporter.
  5971 | D:4      | Reached XP level 6. HP: 36/40 MP: 0/0
  6303 | D:4      | Noticed an ogre
  6336 | D:4      | Killed an ogre
  6337 | D:4      | Reached skill level 5 in Spellcasting
  6747 | D:5      | Entered Level 5 of the Dungeon
  6761 | D:5      | Noticed Grinder
  6773 | D:5      | Killed Grinder
  6774 | D:5      | Reached XP level 7. HP: 33/45 MP: 0/0
  6774 | D:5      | Learned a level 3 spell: Call Canine Familiar
  7206 | D:5      | Noticed a hornet
  7214 | D:5      | Killed a hornet
  7215 | D:5      | Reached skill level 6 in Spellcasting
  7215 | D:5      | Reached XP level 8. HP: 30/50 MP: 0/0
  7416 | D:5      | Reached skill level 7 in Spellcasting
  8200 | D:5      | Reached *** piety under Wu Jian
  8491 | D:5      | Found Decifaz's Assorted Antiques.
  8528 | D:6      | Reached XP level 9. HP: 51/55 MP: 0/0
  8528 | D:6      | Learned a level 3 spell: Portal Projectile
  8716 | D:6      | Reached skill level 8 in Spellcasting
  9830 | D:6      | Reached skill level 9 in Spellcasting
 10500 | D:7      | Identified the +10 plate armour "Eghinaec" {rC++ MP+9
                  | Str-4}
 10919 | D:7      | Reached XP level 10. HP: 51/60 MP: 0/0
 11010 | D:7      | Noticed Duvessa
 11012 | D:7      | Noticed Dowan
 11015 | D:7      | Killed Dowan
 11019 | D:7      | Killed Duvessa
 11209 | D:7      | Reached **** piety under Wu Jian
 11210 | D:7      | Reached skill level 10 in Spellcasting
 11456 | D:7      | Reached skill level 1 in Shields
 11685 | D:7      | Found a runed translucent door.
 11686 | D:7      | Noticed Crazy Yiuf
 12096 | D:7      | Killed Crazy Yiuf
 12353 | D:8      | Found a shadowy altar of Dithmenos.
 12355 | D:8      | Found an ornate altar of the Wu Jian Council.
 13670 | D:8      | Found a runed translucent gate.
 13671 | D:8      | Noticed diceflayer's ghost (novice DsHu)
 13675 | D:8      | Found a runed translucent gate.
 13676 | D:8      | Found a runed translucent gate.
 13677 | D:8      | Noticed fakeacct's ghost (novice HuBe)
 13695 | D:8      | Noticed MrClown's ghost (novice DsNe)
 14407 | D:8      | Noticed Maurice
 14423 | D:8      | Killed Maurice
 14612 | D:8      | Reached skill level 11 in Spellcasting
 15129 | D:8      | Found a stormy altar of Qazlal.
 15160 | D:8      | Fell from the grace of Wu Jian
 15160 | D:8      | Became a worshipper of Qazlal Stormbringer
 15386 | D:8      | Reached skill level 5 in Dodging
 15386 | D:8      | Reached skill level 5 in Stealth
 15386 | D:8      | Reached XP level 11. HP: 11/72 MP: 0/0
 15386 | D:8      | Learned a level 5 spell: Lee's Rapid Deconstruction
 15386 | D:8      | Killed diceflayer's ghost
 15386 | D:8      | HP: 2/72 [spore (9)]
 15497 | D:9      | Slain by a bullfrog

Illustrated notes

Levels and vault maps discovered:
D:1:      heliophobic_arrival_ceremonial_halls, layout_loops_ring,
          minmay_misc_feat_columns
D:2:      layout_loops_ring, serial_shops, shop, shapermc_ecumenical_altar_gd,
          hangedman_decor_slide_cut
D:3:      layout_loops_ring, uniq_robin
D:4:      minmay_general_purpose_star, layout_basic, minmay_temple_entry_glass,
          st_stairs_4
D:5:      layout_loops_cross, serial_shops, nicolae_shop_window_shopping,
          grunt_ministairs_8, uniq_grinder
D:6:      layout_basic
D:7:      layout_basic, uniq_duvessa, uniq_crazy_yiuf_cottage
D:8:      layout_basic, mainiacjoe_overflow_catwalk_spiral,
          nicolae_qazlal_style_of_elements, gammafunk_ghost_cemetery,
          uniq_maurice
D:9:      layout_small_grid, ploomutoo_gammafunk_ghost_potion_laboratory,
          uniq_psyche
Temple:   hellmonk_temple_divided_pantheon

Skill      XL: |  1  2  3  4  5  6  7  8  9 10 |
---------------+-------------------------------+-----
Spellcasting   | 3 4 5 6 7 9 11 | 11.6
Stealth        | 2 3 5 |  5.3
Dodging        | 3 5 |  5.8
Shields        | 4 |  4.4
Fighting       | 3 |  3.8
Long Blades    | 3 |  3.4

Action                   |  1- 3 |  4- 6 |  7- 9 | 10-12 || total
-------------------------+-------+-------+-------+-------++-------
Melee: Hand axe          |     4 |       |       |       ||     4
       Unarmed           |     1 |       |       |       ||     1
       Falchion          |       |     1 |     6 |     2 ||     9
 Cast: Foxfire           |   121 |   120 |   140 |    39 ||   420
       Scorch            |     2 |     1 |     2 |       ||     5
       Inner Flame       |     1 |    17 |    40 |    26 ||    84
       Conjure Flame     |       |     2 |     2 |     1 ||     5
       Flame Wave        |       |     1 |     6 |     5 ||    12
       Call Canine Famil |       |       |     5 |    12 ||    17
       Searing Ray       |       |       |    12 |     9 ||    21
       Portal Projectile |       |       |     2 |       ||     2
       Freeze            |       |       |       |     2 ||     2
Invok: Whirlwind         |       |       |     3 |       ||     3
       Serpent's Lash    |       |       |       |     1 ||     1
 Abil: Wall Jump         |       |     2 |       |       ||     2
  Use: Potion            |       |       |       |     4 ||     4
Armor: Robe              |     9 |     9 |    10 |    11 ||    39
Dodge: Dodged            |    10 |    15 |    26 |    20 ||    71
Block: Kite shield       |       |       |    13 |    21 ||    34
